 Dungeon Crawl Stone Soup version 0.28.0-43-g3370ac3207 (webtiles) character file.

Game seed: 8506574827552233397

17 NoSkeletonsAllowed the Skirmisher (level 2, 0/19 HPs)
             Began as a Gargoyle Monk on Mar 12, 2022.
             Frozen to death by an endoplasm (1 damage)
             ... on level 3 of the Dungeon.
             The game lasted 00:02:13 (770 turns).

NoSkeletonsAllowed the Skirmisher (Gargoyle Monk)    Turns: 770, Time: 00:02:13

Health: 0/19       AC:  4    Str: 14    XL:     2   Next: 62%
Magic:  2/2        EV: 12    Int: 10    God:
Gold:   36         SH:  0    Dex: 12    Spells: 1/1 levels left

rFire   . . .      SeeInvis .     - Unarmed
rCold   . . .      Faith    .   (no shield)
rNeg    + . .      Spirit   .   a - +0 robe
rPois   ∞          Reflect  .   (no helmet)
rElec   +          Harm     .   (no cloak)
rCorr   .          Rampage  .   (no gloves)
Will    .....                   (no boots)
Stlth   ++........              (no amulet)
HPRegen 0.06/turn               (no ring)
MPRegen 0.08/turn               (no ring)

@: no status effects
A: sickness immunity, AC +2, negative energy resistance 1, electricity
resistance, torment resistance 1, petrification resistance
a: no special abilities


You were on level 3 of the Dungeon.
You visited 1 branch of the dungeon, and saw 3 of its levels.

You collected 36 gold pieces.

Inventory:

Missiles
 b - 15 arrows
 c - a poisoned dart (quivered)
Armour
 a - a +0 robe (worn)
 d - an orb of energy


   Skills:
 + Level 3.5 Fighting
 + Level 2.5 Dodging
 - Level 2.2 Stealth
 * Level 3.5 Unarmed Combat


You had one spell level left.
You didn't know any spells.
Your spell library was empty.

Dungeon Overview and Level Annotations

Branches:
Dungeon (3/15)

Altars:


Innate Abilities, Weirdness & Mutations

You are immune to sickness and miasma.
Your stone body is resilient. (AC +2)
You are immune to poison.
You resist negative energy. (rN+)
You are resistant to electric shocks. (rElec)
You are resistant to unholy torment.
You are immune to petrification.


Message History

The adder bites you but does no damage.
You barely miss the adder.
The adder is moderately wounded.
The adder bites you.
You closely miss the adder.
The adder is moderately wounded.
The adder bites you.
You barely miss the adder.
The adder is lightly wounded.
The adder barely misses you.
You hit the adder.
The adder is lightly wounded.
The adder misses you. x2
The adder bites you but does no damage. The adder closely misses you.
The adder misses you.
There is an open door here.
The adder bites you but does no damage.
You see here a ball python corpse.
You see here a rat corpse.
The adder bites you but does no damage. The adder misses you.
The adder bites you. The adder misses you.
The adder bites you but does no damage. The adder bites you.
* * * LOW HITPOINT WARNING * * *
There is an escape hatch in the floor here.
The adder bites you.
* * * LOW HITPOINT WARNING * * *
The endoplasm freezes you.
You are frozen.
* * * LOW HITPOINT WARNING * * *
The adder barely misses you.
You slide downwards.
The hatch slams shut behind you.
Found a stone staircase leading up.
The endoplasm closely misses you. The endoplasm freezes you.
You are frozen.
You die...

##.. #.# #....#
##..#
#.#...##...##
#...........##
.............##.
................
................
.......SJ...##..
.##.....@.......
................
......###...#...
...... .### ..
##.### .. . ##
.<# #.. ...


You could see an adder and an endoplasm.

Vanquished Creatures
  2 ball pythons
  3 bats (D:1)
  4 endoplasms
  A goblin (D:1)
  2 kobolds (D:1)
  2 rats
14 creatures vanquished.

Notes
Turn   | Place    | Note
-------+----------+-------------------------------------------
     0 | D:1      | NoSkeletonsAllowed the Gargoyle Monk began the quest for
                  | the Orb.
     0 | D:1      | Reached XP level 1. HP: 14/14 MP: 1/1
   340 | D:1      | Reached XP level 2. HP: 19/19 MP: 2/2
   770 | D:3      | Frozen to death by an endoplasm

Illustrated notes

Levels and vault maps discovered:
D:1:      shiori_arrival_maze, layout_basic, serial_shops,
          nicolae_shop_window_shopping, minmay_cupped
D:2:      layout_basic, minmay_tiny_reverse_x
D:3:      layout_rooms, hellmonk_ecumenical_altar_run_dry, minmay_puff,
          uniq_natasha, uniq_grinder

Action                   || total
-------------------------++-------
Melee: Unarmed           ||    47
Throw: Dart              ||     2
 Stab: Sleeping          ||     1
Armor: Robe              ||    19
Dodge: Dodged            ||    49
